Map: Alcyone LE

Players

llllllllllll - Winner!

  • Race: Protoss Protoss
  • League: Grandmaster
  • Spawn Location: 1:00

Jgoat

  • Race: Zerg Zerg
  • League: Master
  • Spawn Location: 7:00

VOD

Have the link to the VOD?

Description

Time

  • Played on: Nov. 9, 2024, 7:26 p.m.
  • Length: 8:58
Show
View Real Time Build Order
Export as new Build Order

llllllllllll Protoss - Winner!

Build Orders: 1 Gate Expand, Oracle Opening 

Get SALT Encoding   

  12  0:01  Probe  
  13  0:13  Probe  
  14  0:21  Pylon  
  14  0:25  Probe  
  15  0:39  Probe  
  16  0:42  Gateway  
  16  0:48  Assimilator  
  16  0:51  Probe (Chrono Boost)  
  17  1:01  Probe (Chrono Boost)  
  18  1:06  Probe (Chrono Boost)  
  19  1:17  Probe  
  20  1:28  Nexus  
  20  1:38  Cybernetics Core  
  20  1:43  Assimilator  
  20  1:50  Pylon  
  20  1:54  Probe  
  21  2:06  Probe  
  22  2:12  Adept (Chrono Boost)  
  24  2:18  Probe  
  24  2:19  Stargate  
  25  2:30  Probe  
  25  2:32  Adept (Chrono Boost)  
  28  2:40  Probe  
  28  2:42  Probe  
  30  2:52  Warp Gate, Probe  
  30  2:54  Probe  
  30  2:55  Adept  
  34  3:04  Probe  
  35  3:06  Probe, Oracle (Chrono Boost)  
  39  3:16  Probe  
  39  3:18  Probe  
  41  3:28  Probe  
  41  3:30  Probe  
  41  3:32  Gateway  
  41  3:34  Oracle (Chrono Boost)  
  43  3:39  Pylon  
  46  3:52  Nexus  
  46  3:57  Probe x2  
  48  4:09  Forge, Twilight Council, Probe x2  
  50  4:21  Probe x2  
  50  4:23  Protoss Ground Weapons Level 1 (Chrono Boost)  
  52  4:28  Gateway  
  52  4:31  Pylon, Gateway  
  52  4:33  Probe x2  
  52  4:41  Stalker  
  52  4:43  Stalker  
  54  4:47  Assimilator  
  54  4:50  Probe  
  54  4:51  Probe  
  56  4:54  Blink (Chrono Boost)  
  56  4:59  Pylon  
  56  5:03  Probe, Assimilator  
  56  5:04  Probe  
  56  5:05  Probe  
  59  5:12  Stalker  
  61  5:15  Probe  
  61  5:17  Stalker, Probe x2  
  66  5:21  Pylon  
  66  5:27  Stalker, Probe  
  69  5:29  Stalker, Probe x2  
  73  5:39  Probe  
  73  5:41  Stalker x2, Probe x2  
  80  5:48  Shield Battery  
  80  5:51  Probe  
  80  5:53  Stalker x2, Probe  
  80  5:56  Probe  
  87  6:03  Probe  
  88  6:04  Stalker x2  
  88  6:09  Protoss Ground Weapons Level 2 (Chrono Boost)  
  92  6:20  Gateway  
  92  6:21  Gateway  
  92  6:23  Pylon  
  92  6:24  Pylon  
  92  6:26  Pylon  
  92  6:27  Charge (Chrono Boost)  
  92  6:46  Nexus  
  92  6:47  Stalker x4  
  97  7:09  Gateway  
  97  7:10  Gateway  
  97  7:11  Pylon  
  97  7:16  Zealot  
  97  7:17  Pylon x2, Zealot x5  
  97  7:19  Pylon  
  109  7:33  Gateway  
  109  7:34  Gateway  
  93  7:46  Stalker x6  
  93  7:47  Probe x3  
  93  7:50  Templar Archives  
  108  7:56  Gateway  
  108  7:59  Probe x2  
  108  8:00  Probe x2  
  112  8:11  Probe, Photon Cannon  
  112  8:12  Probe x3  
  116  8:13  Zealot x7  
  116  8:15  Zealot  
  132  8:27  Photon Cannon  
  132  8:31  High Templar x2  
  136  8:38  High Templar  
  136  8:39  High Templar, Zealot x6  
  152  8:47  Archon  
  152  8:48  Archon  
  148  8:54  Robotics Facility  
Show
View Real Time Build Order
Export as new Build Order

Jgoat Zerg 

Build Orders: Hatch First 

Get SALT Encoding   

  12  0:00  Drone  
  13  0:12  Overlord  
  13  0:17  Drone  
  14  0:32  Drone x2  
  16  0:50  Hatchery  
  16  0:51  Drone  
  16  0:54  Drone  
  17  0:58  Drone  
  18  1:05  Extractor  
  17  1:13  Spawning Pool  
  17  1:16  Drone  
  17  1:21  Drone  
  18  1:28  Drone  
  19  1:45  Drone  
  20  1:50  Overlord  
  20  2:02  Queen x2  
  20  2:04  Zergling x2  
  20  2:07  Metabolic Boost  
  25  2:10  Zergling x2  
  25  2:12  Drone  
  25  2:13  Drone  
  28  2:21  Drone  
  29  2:24  Drone  
  30  2:39  Hatchery  
  30  2:42  Drone x2  
  31  2:48  Zergling x2  
  31  2:49  Zergling x2  
  33  2:55  Overlord  
  33  3:08  Drone x3  
  36  3:17  Drone x3, Queen  
  36  3:18  Queen  
  43  3:20  Overlord  
  42  3:29  Zergling x4  
  43  3:38  Drone  
  43  3:40  Drone x2  
  46  3:51  Drone x3  
  49  3:57  Drone x6  
  49  3:58  Queen  
  56  4:07  Queen  
  56  4:08  Spore Crawler x2  
  56  4:10  Drone  
  57  4:17  Drone  
  57  4:19  Overlord x2  
  58  4:26  Overlord  
  58  4:28  Overlord  
  57  4:37  Drone x7  
  55  4:40  Drone  
  55  4:47  Drone  
  55  4:50  Drone  
  55  4:51  Drone  
  57  4:54  Drone x3  
  60  5:00  Roach Warren  
  60  5:01  Drone  
  60  5:04  Drone x2  
  62  5:09  Hatchery, Drone x4  
  62  5:11  Drone  
  62  5:12  Drone  
  68  5:14  Drone x2  
  69  5:23  Drone x3  
  69  5:24  Spore Crawler  
  72  5:28  Drone x3  
  72  5:30  Lair  
  72  5:31  Extractor  
  72  5:32  Extractor  
  72  5:33  Zergling x2, Extractor  
  72  5:34  Zergling x6, Extractor x2  
  72  5:40  Drone x4  
  74  5:49  Drone x3  
  77  5:53  Drone  
  77  5:54  Drone x2  
  80  6:00  Zergling x6  
  80  6:03  Queen x2  
  87  6:09  Overlord  
  87  6:10  Overlord  
  87  6:29  Zergling x18  
  87  6:31  Overlord x3  
  96  6:39  Overlord  
  96  6:47  Overlord  
  93  6:54  Zergling x24  
  105  7:06  Zergling x16  
  110  7:15  Hydralisk Den  
  110  7:17  Zergling x8  
  108  7:33  Drone x13  
  106  7:41  Zergling x6  
  96  7:47  Muscular Augments  
  94  7:56  Hydralisk x5  
  98  7:59  Hydralisk x2  
  98  8:00  Hydralisk  
  104  8:08  Hydralisk x2  
  104  8:12  Overlord  
  108  8:19  Hydralisk x3  
  108  8:25  Evolution Chamber  
  108  8:26  Hydralisk x3  
  115  8:31  Hydralisk  
  115  8:32  Hydralisk x2  
Tags
 
Add a new tag
Caveats
  • Supply blocks, unpowered buildings, or Contaminate may cause inaccurate times.
  • Supply counts are checked every 10 seconds.